 Dungeon Crawl Stone Soup version 0.18.1-48-g4cf74bf (webtiles) character file.

41 Alarkh the Shooter (level 3, 0/27 HPs)
             Began as a Mummy Hunter on Aug 13, 2016.
             Slain by a giant frog skeleton (5 damage)
             ... on level 4 of the Dungeon.
             The game lasted 00:03:37 (2004 turns).

Alarkh the Shooter (Mummy Hunter)                   Turns: 2004, Time: 00:03:38

Health: 0/27       AC:  5    Str: 15    XL:     3   Next: 32%
Magic:  3/3        EV: 11    Int: 11    God:
Gold:   196        SH:  0    Dex: 12    Spells: 0 memorised, 2 levels left

rFire  x . .     SeeInvis .     h - staff of energy (curse)
rCold  + . .     Gourm    .     c - +1 leather armour
rNeg   + + +     Faith    .     (no shield)
rPois  ∞         Spirit   .     g - +0 helmet
rElec  .         Dismiss  .     (no cloak)
rCorr  .         Reflect  .     (no gloves)
SustAt .         Harm     .     (no boots)
MR     .....                    (no amulet)
Stlth  +.........               (no ring)
                                (no ring)

@: not resistant to hostile enchantments, very unstealthy
A: no food or potions, fire vulnerability, cold resistance 1, negative energy
resistance 3, torment resistance, unbreathing
a: no special abilities


You were on level 4 of the Dungeon.
You were not hungry.

You visited 1 branch of the dungeon, and saw 4 of its levels.

You collected 196 gold pieces.

Inventory:

Hand Weapons
 a - a +2 shortbow
 b - a +0 short sword
Missiles
 d - 67 arrows
Armour
 c - a +1 leather armour (worn)
 g - a +0 helmet (worn)
Magical Staves
 h - a cursed staff of energy (weapon)
Scrolls
 e - 3 scrolls of identify
 f - a scroll of amnesia
 j - 2 scrolls of blinking
Books
 i - a book of Callings

   Spells                             Type                      Level
   a - Summon Small Mammal            Summoning                    1
   b - Call Imp                       Summoning                    2
   c - Call Canine Familiar           Summoning                    3
   d - Summon Guardian Golem          Hexes/Summoning              3
   e - Summon Lightning Spire         Summoning/Air                4
   f - Summon Ice Beast               Ice/Summoning                4


   Skills:
 - Level 2.0 Fighting
 + Level 4.2 Bows
 - Level 1.5 Dodging
 - Level 0.7 Stealth


You had 2 spell levels left.
You didn't know any spells.

Dungeon Overview and Level Annotations

Branches:
Dungeon (4/15)
 Temple: D:4-7

Altars:

Shops:
D:4 [


Innate Abilities, Weirdness & Mutations

You do not eat or drink.
Your flesh is vulnerable to fire.
You are immune to poison.
Your flesh is cold resistant.
You are immune to negative energy.
You are immune to unholy pain and torment.
You can survive without breathing.


Message History

The giant frog skeleton hits you but does no damage.
You climb upwards.
The hobgoblin shouts!
A rat, a quokka, a giant cockroach and a skeleton come into view.
The rat bites you.
The jackal skeleton bites you but does no damage.
Found 13 poisoned needles.
Found an escape hatch in the floor.
There is a stone staircase leading down here.
The rat completely misses you. The hobgoblin hits you with a club.
* * * LOW HITPOINT WARNING * * *
The jackal skeleton bites you.
* * * LOW HITPOINT WARNING * * *
You climb downwards.
The giant frog skeleton hits you but does no damage.
The giant frog skeleton closely misses you.
There is a stone staircase leading up here.
The hobgoblin misses you. The giant frog skeleton hits you.
* * * LOW HITPOINT WARNING * * *
The giant frog skeleton hits you.
You die...

######### #.# #. #.......#
#####'##### #. #.......#
#........∩# #. ........#
#.#.......# #. #.......#######
#.#.......# #.
#.......+.....######.#.......#
#.
#.......#............#########
#. ##'####.#.###.########## #.
##.####.# #.....@.r....# #.
..........##.#.##Zg###.# #.
...####...#........# #.
#######.#....#.#...# ##.
.......##...##.!....> #..
##.#####8... #.#.#.#. #.#
##.######... #.#.#.#.. #.#
##.....##... #...#.# .. #..
....#### ###


You could see a hobgoblin, a rat and a giant frog skeleton.

Vanquished Creatures
  An ooze (D:1)
  A dart slug (D:1)
  2 giant cockroaches (D:1)
  4 hobgoblins (D:1)
  5 kobolds
  A ball python (D:4)
  5 bats
  2 giant newts
  6 goblins
  8 rats
35 creatures vanquished.

Notes
Turn   | Place    | Note
--------------------------------------------------------------
     0 | D:1      | Alarkh the Mummy Hunter began the quest for the Orb.
     0 | D:1      | Reached XP level 1. HP: 16/16 MP: 1/1
    55 | D:1      | Reached XP level 2. HP: 17/22 MP: 2/2
   406 | D:1      | Reached skill level 4 in Bows
   936 | D:2      | Reached XP level 3. HP: 27/27 MP: 3/3
  1960 | D:4      | Found Melavit's Armour Shop.
  2004 | D:4      | Slain by a giant frog skeleton

Skill      XL: |  1  2 |
---------------+-------+-----
Bows           | 4 |  4.2
Fighting       | |  2.0
Dodging        | |  1.5
Stealth        | |  0.7

Action                   || total
-------------------------++-------
Melee: Short sword       ||    73
       Staff             ||    75
 Fire: Shortbow          ||    13
  Use: Scroll            ||     4
 Stab: Distracted        ||     1
Armor: Leather armour    ||    60
Dodge: Dodged            ||    75
